 Dungeon Crawl Stone Soup version 0.21.1-1-g345015f (webtiles) character file.

306 kae the Chopper (level 6, -21/55 HPs)
             Began as a Hill Orc Fighter on June 1, 2018.
             Demolished by an ogre
             ... wielding a +0 giant spiked club
              (24 damage)
             ... on level 4 of the Dungeon.
             The game lasted 00:02:39 (3753 turns).

kae the Chopper (Hill Orc Fighter)                  Turns: 3753, Time: 00:02:40

Health: -21/55     AC:  9    Str: 21    XL:     6   Next: 39%
Magic:  6/6        EV: 10    Int:  8    God:
Gold:   203        SH:  4    Dex: 10    Spells: 5/5 levels left

rFire    . . .     SeeInvis .   a - +0 war axe
rCold    . . .     Gourm    .   t - +0 buckler (curse)
rNeg     . . .     Faith    .   b - +0 scale mail
rPois    .         Spirit   .   e - +0 helmet
rElec    .         Reflect  .   (no cloak)
rCorr    .         Harm     .   (no gloves)
MR       .....                  p - +0 pair of boots
Stlth    ..........             (no amulet)
HPRegen  0.18/turn              (no ring)
MPRegen  0.10/turn              (no ring)

@: no status effects
A: no striking features
a: no special abilities


You were on level 4 of the Dungeon.
You were near starving.

You visited 1 branch of the dungeon, and saw 4 of its levels.

You collected 203 gold pieces.

Inventory:

Hand Weapons
 a - a +0 war axe (weapon)
Armour
 b - a +0 scale mail (worn)
 c - a +0 shield
 e - a +0 helmet (worn)
 p - a +0 pair of boots (worn)
 t - a cursed +0 buckler (worn)
Jewellery
 l - a cursed ring of loudness {unknown}
 r - a +2 ring of protection {unknown}
 s - an uncursed ring of fire {unknown}
Wands
 h - a wand of digging (12)
Scrolls
 g - 4 scrolls of remove curse {unknown}
 i - 2 scrolls of teleportation {unknown}
 j - 2 scrolls of magic mapping {unknown}
 k - 2 scrolls of blinking {unknown}
 m - 6 scrolls of identify {unknown}
 n - 2 scrolls of immolation {unknown}
 o - 2 scrolls of enchant armour {unknown}
 q - 3 scrolls of noise {unknown}
 u - a scroll of random uselessness {unknown}
 v - a scroll of fog {unknown}
Potions
 d - a potion of cancellation {unknown}
 w - a potion of heal wounds {unknown}
 x - a potion of might
Comestibles
 f - 9 rations


   Skills:
 + Level 4.8 Fighting
 * Level 5.5 Axes
 + Level 4.4 Armour
 + Level 1.9 Dodging
 + Level 3.8 Shields


You had 5 spell levels left.
You didn't know any spells.

Dungeon Overview and Level Annotations

Branches:
Dungeon (4/15)
 Temple: D:4-7

Altars:
Nemelex Xobeh

Annotations:
D:4 olivier's ghost, novice GrFi


Message History

You hit the ogre.
The ogre is heavily wounded.
The ogre hits you with a giant spiked club!!
You are too injured to fight recklessly!
You are too injured to fight recklessly!
You are too injured to fight recklessly!
You are too injured to fight recklessly!
You are too injured to fight recklessly!
You are too injured to fight recklessly!
You hit the ogre.
The ogre is severely wounded.
The ogre hits you with a giant spiked club!!
Ouch! That really hurt!
* * * LOW HITPOINT WARNING * * *
You hit the ogre.
The ogre is severely wounded.
You closely miss the ogre.
The ogre is severely wounded.
The ogre hits you with a giant spiked club!!
You die...

#....#...#
#.###
#....
###.##...#
#...#
#####
########
###.# #.##
##..#
###...#
##...###
#####..###
# #..O@.##
#
.....#####
## ### ≈#
.# ≈# ## #
#


You could see an ogre.

Vanquished Creatures
  A phantom (D:4)
  The ghost of Jaiteiro the Grasshopper, a weakling GnWr (D:3)
  An iguana (D:4)
  An orc wizard (D:4)
  3 adders (D:2)
  An ooze (D:2)
  3 worms
  A leopard gecko (D:2)
  4 orcs
  4 giant cockroaches
  11 goblins
  6 hobgoblins
  3 jackals (D:3)
  6 kobolds
  2 quokkas
  11 bats
  5 frilled lizards
  7 rats
71 creatures vanquished.

Notes
Turn   | Place    | Note
-------+----------+-------------------------------------------
     0 | D:1      | kae the Hill Orc Fighter began the quest for the Orb.
     0 | D:1      | Reached XP level 1. HP: 19/19 MP: 1/1
   202 | D:1      | Reached skill level 3 in Axes
   298 | D:1      | Reached XP level 2. HP: 22/27 MP: 2/2
   374 | D:1      | Found a sparkling altar of Nemelex Xobeh.
   803 | D:2      | Reached XP level 3. HP: 33/33 MP: 3/3
   960 | D:2      | Reached skill level 4 in Axes
   960 | D:2      | Reached skill level 1 in Dodging
   971 | D:2      | Reached XP level 4. HP: 39/40 MP: 4/4
  2187 | D:3      | Noticed Jaiteiro's ghost (weakling GnWr)
  2244 | D:3      | Killed Jaiteiro's ghost
  2244 | D:3      | Reached XP level 5. HP: 9/47 MP: 5/5
  2868 | D:4      | Noticed a phantom
  2871 | D:4      | Noticed olivier's ghost (novice GrFi)
  2995 | D:4      | Reached skill level 5 in Axes
  3449 | D:4      | Killed a phantom
  3449 | D:4      | Reached XP level 6. HP: 31/55 MP: 6/6
  3753 | D:4      | Demolished by an ogre

Skill      XL: |  1  2  3  4  5 |
---------------+----------------+-----
Axes           | 3 4 5 |  5.5
Fighting       | 4 |  4.8
Dodging        | 1 |  1.9
Armour         | 4 |  4.4
Shields        | |  3.8

Action                   |  1- 3 |  4- 6 || total
-------------------------+-------+-------++-------
Melee: War axe           |   131 |   214 ||   345
  Use: Potion            |       |     4 ||     4
  Eat: Chunk             |       |     8 ||     8
Armor: Scale mail        |    81 |    89 ||   170
Dodge: Dodged            |    55 |    91 ||   146
Block: Shield            |    96 |    45 ||   141
       Buckler           |       |    22 ||    22
